 Dungeon Crawl Stone Soup version 0.26-a0-597-gb535b0901c (webtiles) character file.

Game seed: 17538709339509867803

5 ANON1729 the Stinger (level 1, 0/16 HPs)
             Began as a Demonspawn Wanderer on Aug 24, 2020.
             Slain by a bat (1 damage)
             ... on level 1 of the Dungeon.
             The game lasted 00:00:22 (390 turns).

ANON1729 the Stinger (Demonspawn Wanderer)           Turns: 390, Time: 00:00:22

Health: 0/16       AC:  2    Str: 13    XL:     1   Next: 66%
Magic:  2/2        EV: 11    Int: 12    God:
Gold:   0          SH:  0    Dex: 12    Spells: 2/2 levels left

rFire    . . .     SeeInvis .   a - +0 club
rCold    . . .     Faith    .   (no shield)
rNeg     . . .     Spirit   .   d - +0 robe
rPois    .         Reflect  .   (no helmet)
rElec    .         Harm     .   (no cloak)
rCorr    .                      (no gloves)
MR       .....                  (no boots)
Stlth    ++........             (no amulet)
HPRegen  0.05/turn              (no ring)
MPRegen  0.08/turn              (no ring)

@: no status effects
A: no striking features
a: no special abilities


You were on level 1 of the Dungeon.
You visited 1 branch of the dungeon, and saw 1 of its levels.

Inventory:

Hand Weapons
 a - a +0 club (weapon)
Armour
 d - a +0 robe (worn)
Scrolls
 b - 2 scrolls of identify {unknown}
Potions
 c - a potion of curing


   Skills:
 + Level 2.1 Fighting
 + Level 1.1 Maces & Flails
 + Level 1.2 Stealth
 + Level 1.1 Spellcasting
   Level 4.0 Poison Magic
   Level 1.0 Evocations


You had 2 spell levels left.
You didn't know any spells.
Your spell library contained the following spells:

 Spells                   Type           Power        Failure   Level
 Magic Dart               Conj           #...         30%         1
 Shock                    Conj/Air       #...         30%         1
 Blink                    Tloc           N/A          41%         2
 Call Imp                 Summ           #.......     41%         2
 Slow                     Hex            #.......     41%         2
 Mephitic Cloud           Conj/Pois/Air  #.......     45%         3
 Conjure Flame            Conj/Fire      #.......     65%         3
 Static Discharge         Conj/Air       #.......     65%         3


Dungeon Overview and Level Annotations

Branches:
Dungeon (1/15)

Altars:


Message History

You are too injured to fight recklessly!
You are too injured to fight recklessly!
You are too injured to fight recklessly!
You are too injured to fight recklessly!
You are too injured to fight recklessly!
You are too injured to fight recklessly!
You are too injured to fight recklessly!
You are too injured to fight recklessly!
You are too injured to fight recklessly!
You are too injured to fight recklessly!
You are too injured to fight recklessly!
You are too injured to fight recklessly!
You are too injured to fight recklessly!
The bat hits you but does no damage. The bat hits you but does no damage.
The bat barely misses you. x2
The bat hits you.
* * * LOW HITPOINT WARNING * * *
The bat hits you.
You die...

... ... ... # ..# ####.
#!# .....###.#
##.....### ####
#.^.@bg..## ....
##.......s.#..#### #
##................>
..#...#.....#w.......
......#.....#........
#.....#.....#........#
..#........#.w......##
.##.#......#..?......##
#....###..........


You could see a dart slug, a giant cockroach, a hobgoblin and a bat.

Vanquished Creatures
  2 hobgoblins (D:1)
  A bat (D:1)
  A frilled lizard (D:1)
  2 rats (D:1)
6 creatures vanquished.

Notes
Turn   | Place    | Note
-------+----------+-------------------------------------------
     0 | D:1      | ANON1729 the Demonspawn Wanderer began the quest for the
                  | Orb.
     0 | D:1      | ANON1729 set off with the following items: a +0 club, a
                  | potion of curing, a +0 robe; and the following spells
                  | available to memorise: Magic Dart, Shock, Blink, Call Imp,
                  | Slow, Mephitic Cloud, Conjure Flame, Static Discharge
     0 | D:1      | Reached XP level 1. HP: 16/16 MP: 2/2
   390 | D:1      | Slain by a bat

Illustrated notes

Levels and vault maps discovered:
D:1:      lightli_arrival_statue_moat, layout_rooms

Action                   || total
-------------------------++-------
Melee: Club              ||    32
Armor: Robe              ||     7
Dodge: Dodged            ||    38

Table legend: (Time is in decaauts)
 A = Elapsed time spent in this place.
 B = Non-inter-level travel time spent in this place.
 C = Inter-level travel time spent in this place.
 D = Time resting spent in this place.
 E = Time spent auto-exploring this place.
 F = Levels seen in this place.
 G = Mean time per level.
                   A        B        C        D        E       F      G
               +--------+--------+--------+--------+--------+-----+--------+
         Total |    397 |    397 |      0 |    272 |     55 |   1 |  397.0 |
       Dungeon |    397 |    397 |      0 |    272 |     55 |   1 |  397.0 |
               +--------+--------+--------+--------+--------+-----+--------+

Top non-repeatable levels by time:
     D:1: 397 daAuts
